 Dungeon Crawl Stone Soup version 0.28.0-43-g3370ac3207 (webtiles) character file.

Game seed: 4259045477888916066

804 Araneus the Basher (level 7, 0/52 HPs)
             Began as a Demonspawn Fighter on Mar 14, 2022.
             Was an Initiate of Okawaru.
             Succumbed to a water moccasin's poison
             ... on level 5 of the Dungeon.
             The game lasted 00:09:24 (4637 turns).

Araneus the Basher (Demonspawn Fighter)             Turns: 4637, Time: 00:09:24

Health: 0/52       AC:  6    Str: 18    XL:     7   Next: 60%
Magic:  7/7        EV:  7    Int: 10    God:    Okawaru [......]
Gold:   183        SH:  9    Dex: 16    Spells: 6/6 levels left

rFire   + . .      SeeInvis +   a - +0 flail
rCold   + . .      Faith    .   i - +0 kite shield
rNeg    . . .      Spirit   .   b - +0 scale mail
rPois   .          Reflect  .   (no helmet)
rElec   .          Harm     .   (no cloak)
rCorr   .          Rampage  .   (no gloves)
Will    .....      Clarity  +   (no boots)
Stlth   ++........              (no amulet)
HPRegen 0.17/turn               j - ring of the Distant Future {rF+ SInv}
MPRegen 0.10/turn               k - ring of protection from cold

@: lethally poisoned (0 -> -5)
A: thin skeletal structure 2, foul stench 1, powered by pain 2, clarity
a: Renounce Religion


You were on level 5 of the Dungeon.
You worshipped Okawaru.
Okawaru was noncommittal.
You visited 2 branches of the dungeon, and saw 6 of its levels.

You collected 183 gold pieces.

Inventory:

Hand Weapons
 a - a +0 flail (weapon)
Armour
 b - a +0 scale mail (worn)
 i - a +0 kite shield (worn)
Jewellery
 j - the ring of the Distant Future (left hand) {rF+ SInv}
   (You found it on level 2 of the Dungeon)

   [ring of protection from fire]

   rF:        It protects you from fire.
   SInv:      It lets you see invisible.
 k - a ring of protection from cold (right hand)
 o - a ring of positive energy
 p - a ring of protection from fire
Scrolls
 c - a scroll of identify
 f - a scroll of noise {unknown}
 h - a scroll of fear {unknown}
Potions
 d - a potion of might
 l - a potion of attraction


   Skills:
 - Level 3.0 Fighting
 + Level 8.1 Maces & Flails
 - Level 2.6 Armour
 - Level 2.6 Shields


You had 6 spell levels left.
You didn't know any spells.
Your spell library contained the following spells:

 Spells                   Type           Power      Damage    Failure   Level
 Magic Dart               Conj           0%         1d3       98%         1
 Slow                     Hex            0%         N/A       98%         1
 Confusing Touch          Hex            0%         N/A       100%        3
 Mephitic Cloud           Conj/Pois/Air  0%         N/A       100%        3
 Stone Arrow              Conj/Erth      0%         3d7       100%        3
 Vampiric Draining        Necr           0%         2d6       100%        3
 Petrify                  Tmut/Erth      0%         N/A       100%        4
 Metabolic Englaciation   Hex/Ice        0%         N/A       100%        5
 Statue Form              Tmut/Erth      0%         N/A       100%        6
 Lehudib's Crystal Spear  Conj/Erth      0%         10d2      100%        8
 Call Imp                 Summ           Unusable   N/A       N/A         2
 Animate Armour           Summ/Erth      Unusable   N/A       N/A         4

Dungeon Overview and Level Annotations

Branches:
Dungeon (5/15)             Temple (1/1) D:5

Altars:
Ashenzari
Cheibriados
Dithmenos
Elyvilon
Fedhas
Gozag
Hepliaklqana
Kikubaaqudgha
Makhleb
Nemelex Xobeh
Okawaru
Qazlal
Ru
Sif Muna
Trog
Uskayaw
Vehumet
Wu Jian
Xom
Yredelemnul
Zin
The Shining One


Innate Abilities, Weirdness & Mutations

You have a moderately thin skeletal structure. (Dex +4, Stealth++)
You may rarely emit foul miasma when damaged in melee.
You sometimes gain power by taking damage.
You possess an exceptional clarity of mind.


Message History

You closely miss the water moccasin.
The water moccasin is moderately wounded.
The water moccasin bites you but does no damage.
You block the water moccasin's attack.
You barely miss the water moccasin.
The water moccasin is moderately wounded.
The water moccasin bites you. The water moccasin bites you!
You sock the water moccasin!
The water moccasin is severely wounded.
You block the water moccasin's attack.
You hit the water moccasin.
The water moccasin is almost dead.
The water moccasin closely misses you. The water moccasin bites you.
You are poisoned.
The water moccasin poisons you!
You completely miss the water moccasin.
The water moccasin is almost dead.
You feel very sick.
The water moccasin bites you but does no damage.
You hit the water moccasin.
The water moccasin is almost dead.
You feel very sick. You block the water moccasin's attack.
The water moccasin closely misses you.
You barely miss the water moccasin.
The water moccasin is almost dead.
You hear the slow hiss of an avalanche of sand.
You feel very sick. The water moccasin barely misses you.
The water moccasin bites you.
* * * LOW HITPOINT WARNING * * *
You emit a cloud of foul miasma!
You barely miss the water moccasin.
The water moccasin is almost dead.
* * * LOW HITPOINT WARNING * * *
You feel sick.
The water moccasin is engulfed in dark miasma.
The water moccasin bites you.
* * * LOW HITPOINT WARNING * * *
It was a potion of mutation.
You feel extremely strange.
Your thoughts seem clearer.
You die...

****,.#####.## ##........#,,,,,,,
,,**#,,**#..## #........#,,,,<,,
,,,,...,*##..####.........,,*,,,,
*,,,.....#..###.##....##..,>,,,,,
,,,,............##....#*,#,,*,,,,
,,,,......#.#.........#***,**,,,,
,,>,..................##,*,**,,,,
*,,,...#(..###.........#,,,,,,,,*
**,,.......*,#..@.......,,,,*,,,,
**,,.....##*,###.S?#....,,,,*,,,,
,*,,,....*∩,,,,+........,,,,,,,,,
,,,,,...,***,**#........,,,,,,,,*
,,,,,,,,,,,*,*,.........,,,,,,,,,
,,,,,,,,,,,***,.........,,,,,,,,,
*,,*,*,,,,,,,,,.........,,,,**,,,
****,**,,,,,,,........##,,,,,****
****,,,,,,,,,**,,,,,,,,,,,,,**


You could see a water moccasin.

Vanquished Creatures
  2 black bears
  A centaur (D:4)
  2 ogres (D:4)
  A phantom (D:4)
  A centaur zombie (D:4)
  A hound (D:5)
  An orc priest (D:3)
  2 iguanas
  2 orc wizards (D:3)
  A hound skeleton (D:4)
  3 adders (D:2)
  2 adder skeletons (D:4)
  A worm (D:2)
  2 dart slugs
  6 orcs (D:3)
  A bat (D:2)
  6 endoplasms
  4 giant cockroaches
  6 goblins (D:3)
  7 hobgoblins
  3 jackals (D:4)
  3 quokkas
  6 ball pythons
  3 frilled lizards
  A kobold (D:3)
  5 rats
73 creatures vanquished.

Vanquished Creatures (others)
  A fungus (D:2)
  3 plants (D:2)
4 creatures vanquished.

Grand Total: 77 creatures vanquished

Notes
Turn   | Place    | Note
-------+----------+-------------------------------------------
     0 | D:1      | Araneus the Demonspawn Fighter began the quest for the Orb.
     0 | D:1      | Reached XP level 1. HP: 18/18 MP: 1/1
    42 | D:1      | Reached skill level 2 in Maces & Flails
   344 | D:1      | Gained mutation: You have a somewhat thin skeletal
                  | structure. (Dex +2, Stealth+) [demonic ancestry]
   344 | D:1      | Reached XP level 2. HP: 23/24 MP: 2/2
   767 | D:2      | Reached skill level 3 in Maces & Flails
   806 | D:2      | Gained mutation: You sometimes gain a little power by
                  | taking damage. [demonic ancestry]
   806 | D:2      | Reached XP level 3. HP: 29/29 MP: 3/3
   948 | D:2      | Found a faded altar of an unknown god.
   950 | D:2      | Identified the ring of the Distant Future {rF+ SInv}
  2088 | D:3      | Reached skill level 4 in Maces & Flails
  2088 | D:3      | Gained mutation: You may rarely emit foul miasma when
                  | damaged in melee. [demonic ancestry]
  2088 | D:3      | Reached XP level 4. HP: 28/35 MP: 4/4
  2259 | D:3      | HP: 1/35 [orc priest/nerve-wracking pain (14)]
  2268 | D:3      | Gained mutation: You sometimes gain power by taking damage.
                  | [demonic ancestry]
  2268 | D:3      | Reached XP level 5. HP: 16/41 MP: 5/5
  2456 | D:3      | Reached skill level 5 in Maces & Flails
  2587 | D:3      | Found an ancient bone altar of Kikubaaqudgha.
  3194 | D:4      | Noticed an ogre
  3199 | D:4      | Noticed a phantom
  3202 | D:4      | Killed an ogre
  3203 | D:4      | Gained mutation: You have a moderately thin skeletal
                  | structure. (Dex +4, Stealth++) [demonic ancestry]
  3203 | D:4      | Reached XP level 6. HP: 36/47 MP: 6/6
  3221 | D:4      | HP: 3/70 [frozen (2)]
  3224 | D:4      | Reached skill level 6 in Maces & Flails
  3963 | D:4      | Reached skill level 7 in Maces & Flails
  3963 | D:4      | Reached XP level 7. HP: 23/52 MP: 7/7
  4182 | D:4      | Identified the +10 spear of Extinguishment {elec, Drain rF+
                  | Will+ Dex+4}
  4500 | D:5      | Entered Level 5 of the Dungeon
  4519 | D:5      | Found a staircase to the Ecumenical Temple.
  4528 | Temple   | Entered the Ecumenical Temple
  4565 | Temple   | Became a worshipper of Warmaster Okawaru
  4611 | D:5      | Reached skill level 8 in Maces & Flails
  4636 | D:5      | HP: 1/52 [water moccasin (5)]
  4637 | D:5      | Gained mutation: You possess an exceptional clarity of
                  | mind. [potion of mutation]
  4637 | D:5      | Succumbed to a water moccasin's poison

Illustrated notes

Levels and vault maps discovered:
D:1:      scummos_arrival_checkerplants, layout_loops_ring, st_stairs_8,
          moated_statue, hangedman_decor_clover_reticule
D:2:      layout_basic, dreamdust_ecumenical_altar_grove
D:3:      layout_loops_ring, mainiacjoe_overflow_paths,
          ebering_dispersal_statue_hall
D:4:      minmay_angry_zag, layout_basic
D:5:      layout_cave_pools, minmay_temple_entry_wispy,
          nicolae_ossuary_entry_plus
Temple:   dpeg_three_leaves_temple

Skill      XL: |  1  2  3  4  5  6  7 |
---------------+----------------------+-----
Maces & Flails | 2 3 4 5 7 8 |  8.1
Fighting       | |  3.0
Armour         | |  2.6
Shields        | |  2.6

Action                   |  1- 3 |  4- 6 |  7- 9 || total
-------------------------+-------+-------+-------++-------
Melee: Flail             |    77 |   102 |    52 ||   231
  Use: Scroll            |     3 |     1 |     1 ||     5
       Potion            |       |     3 |     1 ||     4
 Stab: Sleeping          |     1 |       |       ||     1
Armor: Scale mail        |    22 |    35 |    26 ||    83
       Skin              |       |     2 |       ||     2
Dodge: Dodged            |    21 |    40 |    20 ||    81
Block: Buckler           |    16 |    19 |     4 ||    39
       Kite shield       |       |       |    25 ||    25
